 Dungeon Crawl Stone Soup version 0.20.0-4-g10b340a (webtiles) character file.

231 RKaid the Magician (level 6, -3/36 HPs)
             Began as an Octopode Wizard on May 28, 2017.
             Killed by divine providence
             ... invoked by an orc priest
              (12 damage)
             ... on level 4 of the Dungeon.
             The game lasted 00:12:31 (4714 turns).

RKaid the Magician (Octopode Wizard)                Turns: 4714, Time: 00:12:31

Health: -3/36      AC:  3    Str:  6    XL:     6   Next: 4%
Magic:  3/12       EV: 13    Int: 23    God:
Gold:   195        SH:  0    Dex: 15    Spells: 6/14 levels left

rFire    . . .     SeeInvis .   a - +1 short sword (flame)
rCold    . . .     Gourm    .   (no shield)
rNeg     . . .     Faith    .   w - +2 hat
rPois    +         Spirit   .   (no amulet)
rElec    .         Reflect  .   i - +5 ring of dexterity
rCorr    .         Harm     .   v - ring of poison resistance {rPois}
MR       .....                  (no ring)
Stlth    ++++......             (no ring)
Regen    0.2/turn               (no ring)
MPRegen  0.2/turn               (no ring)
                                (no ring)
                                (no ring)

@: no status effects
A: almost no armour, stealthy swim, amphibious, 8 rings, constrict 8, camouflage
1, gelatinous body 1
a: no special abilities


You were on level 4 of the Dungeon.
You were not hungry.

You visited 1 branch of the dungeon, and saw 4 of its levels.

You collected 195 gold pieces.

Inventory:

Hand Weapons
 a - a +1 short sword of flaming (weapon)
   (You found it on level 1 of the Dungeon)
 b - a +0 hunting sling
   (You took it off a goblin on level 2 of the Dungeon)
Missiles
 g - 46 stones (quivered)
 G - 25 sling bullets
Armour
 e - a +0 hat
 f - a +0 buckler
   (You found it on level 1 of the Dungeon)
 w - a +2 hat (worn)
   (You found it on level 2 of the Dungeon)
Jewellery
 i - a +5 ring of dexterity (left tentacle)
   (You found it on level 1 of the Dungeon)
 v - a ring of poison resistance (right tentacle) {rPois}
   (You found it on level 2 of the Dungeon)
 F - an uncursed amulet of harm {unknown}
   (You found it on level 3 of the Dungeon)
Scrolls
 d - a scroll of fear {unknown}
 h - 2 scrolls of remove curse {unknown}
 j - a scroll of noise {unknown}
 k - a scroll of random uselessness {unknown}
 m - a scroll of magic mapping {unknown}
 p - 5 scrolls of identify {unknown}
 C - 2 scrolls of blinking {unknown}
 D - a scroll of immolation {unknown}
 E - a scroll of enchant armour {unknown}
Potions
 l - a potion of flight {unknown}
 n - 2 potions of curing
 q - 2 potions of heal wounds {unknown}
 t - a potion of mutation {unknown}
 u - 2 potions of might {unknown}
 x - 2 potions of agility
 z - 3 potions of degeneration {unknown}
 B - a potion of invisibility {unknown}
Books
 s - a book of Minor Magic
 y - a book of Maledictions
   (You found it on level 3 of the Dungeon)
Comestibles
 c - 4 bread rations
 o - 3 fruits
 r - 3 meat rations


   Skills:
 - Level 2.0 Dodging
 - Level 4.1 Stealth
 + Level 1.0 Shields
 - Level 4.5 Spellcasting
 * Level 3.4 Conjurations
 + Level 1.0 Summonings
 - Level 1.0 Translocations


You had 6 spell levels left.
You knew the following spells:

 Your Spells              Type           Power        Failure   Level  Hunger
a - Magic Dart            Conj           ###.         2%          1    None
b - Conjure Flame         Conj/Fire      ##......     14%         3    ##.....
c - Call Imp              Summ           #.......     10%         2    None
B - Blink                 Tloc           N/A          10%         2    None


Dungeon Overview and Level Annotations

Branches:
Dungeon (4/15)
 Temple: D:4-7

Altars:
Trog

Annotations:
D:2 1 runed door


Innate Abilities, Weirdness & Mutations

You cannot wear most types of armour.
You are very stealthy in the water. (Stealth+)
You are amphibious.
You can wear up to eight rings at the same time.
You can use your tentacles to constrict eight enemies at once.
Your skin changes colour to match your surroundings (Stealth+).
Your rubbery body absorbs attacks. (AC +1, EV +1)


Message History

This raw flesh tastes terrible.
r - 3 meat rations (gained 1)
c - 4 bread rations (gained 1)
A jackal comes into view.
The jackal barks!
Casting: Magic Dart
Confirm with . or Enter, or press ? or * to list all spells.
Aiming: Magic Dart
Press: ? - help, Shift-Dir - straight line, f - jackal
Aim: a jackal The magic dart hits the jackal.
Casting: Magic Dart
Confirm with . or Enter, or press ? or * to list all spells.
Aiming: Magic Dart
Press: ? - help, Shift-Dir - straight line, f/p - jackal
Aim: a jackal The magic dart hits the jackal.
Casting: Magic Dart
Confirm with . or Enter, or press ? or * to list all spells.
Aiming: Magic Dart
Press: ? - help, Shift-Dir - straight line, f/p - jackal
Aim: a jackal (severely wounded)
The magic dart hits the jackal.
You kill the jackal!
An orc priest comes into view. It is wielding a mace.
Casting: Magic Dart
Confirm with . or Enter, or press ? or * to list all spells.
Aiming: Magic Dart
Press: ? - help, Shift-Dir - straight line, f - orc priest
Aim: an orc priest, wielding a mace and wearing a ring mail (hasn't noticed you)
The magic dart hits the orc priest.
The orc priest shouts!
Casting: Magic Dart
Confirm with . or Enter, or press ? or * to list all spells.
Aiming: Magic Dart
Press: ? - help, Shift-Dir - straight line, f/p - orc priest
Aim: an orc priest, wielding a mace and wearing a ring mail (lightly wounded)
The magic dart hits the orc priest.
All of the chunks of flesh in your inventory have rotted away.
Casting: Magic Dart
Confirm with . or Enter, or press ? or * to list all spells.
Aiming: Magic Dart
Press: ? - help, Shift-Dir - straight line, f/p - orc priest
Aim: an orc priest, wielding a mace and wearing a ring mail (moderately wounded)
The magic dart hits the orc priest.
Casting: Magic Dart
Confirm with . or Enter, or press ? or * to list all spells.
Aiming: Magic Dart
Press: ? - help, Shift-Dir - straight line, f/p - orc priest
Aim: an orc priest, wielding a mace and wearing a ring mail (heavily wounded)
The magic dart hits the orc priest.
Casting: Magic Dart
Confirm with . or Enter, or press ? or * to list all spells.
Aiming: Magic Dart
Press: ? - help, Shift-Dir - straight line, f/p - orc priest
Aim: an orc priest, wielding a mace and wearing a ring mail (heavily wounded)
The magic dart hits the orc priest.
Casting: Magic Dart
Confirm with . or Enter, or press ? or * to list all spells.
Aiming: Magic Dart
Press: ? - help, Shift-Dir - straight line, f/p - orc priest
Aim: an orc priest, wielding a mace and wearing a ring mail (heavily wounded)
The magic dart hits the orc priest.
Casting: Magic Dart
Confirm with . or Enter, or press ? or * to list all spells.
Aiming: Magic Dart
Press: ? - help, Shift-Dir - straight line, f/p - orc priest
Aim: an orc priest, wielding a mace and wearing a ring mail (heavily wounded)
The magic dart hits the orc priest.
An orc wizard comes into view. It is wielding a dagger.
Casting: Magic Dart
Confirm with . or Enter, or press ? or * to list all spells.
Aiming: Magic Dart
Press: ? - help, Shift-Dir - straight line, f/p - orc priest
Aim: an orc priest, wielding a mace and wearing a ring mail (severely wounded)
The magic dart hits the orc priest.
The orc wizard shouts!
The orc priest invokes the aid of Beogh against you.
Beogh smites you!
You barely miss the orc priest. Your grab misses the orc priest.
The orc priest hits you with a mace.
The orc wizard gestures wildly while chanting.
The orc wizard seems to speed up.
Casting: Magic Dart
Confirm with . or Enter, or press ? or * to list all spells.
A beastly little devil appears in a puff of flame.
The orc wizard mumbles some strange words.
The orc wizard blinks!
The orc priest calls down the wrath of Beogh upon you.
Pain shoots through your body!
You swap places.
The orc priest invokes the aid of Beogh against you.
Beogh smites you!
* * * LOW HITPOINT WARNING * * *
Your crimson imp hits the orc priest but does no damage.
The orc priest hits your crimson imp with a mace.
Your crimson imp closely misses the orc priest.
The orc priest mumbles some strange prayers to Beogh against you.
Beogh smites you!
You die...

###.##.#
#. #..##.#
##.###.#
#..###.#
##.###..#
#..##...##
#.##.....#
#.###...##
##@# ##.##
#..# #.#
#.## #.#
#5# #.#
#o# #.#
#..# #.##
#o ..


You could see 2 orc priests and a friendly crimson imp.

Vanquished Creatures
  Jessica (D:2)
  4 gnolls (D:2)
  3 adders
  5 worms
  7 dart slugs
  6 leopard geckos
  4 orcs
  6 bats
  2 giant cockroaches
  7 hobgoblins
  19 jackals
  7 kobolds
  A quokka (D:2)
  2 ball pythons (D:3)
  6 frilled lizards
  10 goblins
  A quokka skeleton (D:4)
  8 rats
99 creatures vanquished.

Notes
Turn   | Place    | Note
-------+----------+-------------------------------------------
     0 | D:1      | RKaid the Octopode Wizard began the quest for the Orb.
     0 | D:1      | Reached XP level 1. HP: 11/11 MP: 4/4
   164 | D:1      | Reached XP level 2. HP: 17/17 MP: 4/6
   337 | D:1      | Reached skill level 3 in Stealth
   662 | D:1      | Reached XP level 3. HP: 21/21 MP: 3/7
  1082 | D:1      | Reached skill level 2 in Conjurations
  1617 | D:2      | Reached XP level 4. HP: 24/27 MP: 0/9
  1695 | D:1      | Learned a level 2 spell: Blink
  1698 | D:1      | Learned a level 2 spell: Call Imp
  1702 | D:1      | Learned a level 3 spell: Conjure Flame
  1929 | D:2      | Reached skill level 4 in Spellcasting
  2172 | D:2      | Reached skill level 4 in Stealth
  2172 | D:2      | Reached XP level 5. HP: 31/31 MP: 1/11
  2558 | D:2      | Found a runed door.
  2756 | D:2      | Noticed Jessica
  2760 | D:2      | Killed Jessica
  2760 | D:2      | Reached skill level 3 in Conjurations
  2854 | D:2      | Found a bloodstained altar of Trog.
  4530 | D:4      | Reached skill level 1 in Shields
  4530 | D:4      | Reached XP level 6. HP: 35/36 MP: 12/12
  4712 | D:4      | HP: 9/36 [orc priest/divine providence (12)]
  4714 | D:4      | Killed from afar by an orc priest

Skill      XL: |  1  2  3  4  5 |
---------------+----------------+-----
Stealth        | 3 4 |  4.1
Conjurations   | 2 3 |  3.4
Spellcasting   | 4 |  4.5
Shields        | 1 |  1.0
Dodging        | |  2.0
Summonings     | |  1.0
Translocations | |  1.0

Action                   |  1- 3 |  4- 6 || total
-------------------------+-------+-------++-------
Melee: Short sword       |    37 |    70 ||   107
       Constrict         |     9 |    22 ||    31
       Tentacles         |     1 |    10 ||    11
 Fire: Hunting sling     |       |    38 ||    38
 Cast: Magic Dart        |    73 |   111 ||   184
       Conjure Flame     |       |     1 ||     1
       Call Imp          |       |     2 ||     2
 Stab: Sleeping          |     1 |       ||     1
  Eat: Chunk             |     2 |    10 ||    12
Armor: Skin              |     1 |    12 ||    13
Dodge: Dodged            |    35 |    54 ||    89

Table legend:
 A = Turns spent in this place as a percentage of turns spent in the entire game.
 B = Non-inter-level travel turns spent in this place as a percentage of non-inter-level travel turns spent in the entire game.
 C = Inter-level travel turns spent in this place as a percentage of turns spent in this place.
 D = Turns resting spent in this place as a percentage of non-inter-level travel turns spent in this place.
 E = Turns spent auto-exploring this place as a percentage of non-inter-level travel turns spent in this place.
 F = Non-inter-level travel turns spent in this place divided by the number of levels of this place that you've seen.
                   A       B       C       D       E      F
               +-------+-------+-------+-------+-------+----------------------
         Total | 100.0 | 100.0 |   0.3 |   6.3 |   6.7 | 294.5
       Dungeon | 100.0 | 100.0 |   0.3 |   6.3 |   6.7 | 294.5
               +-------+-------+-------+-------+-------+----------------------

Table legend:
 A = Kills in this place as a percentage of kills in entire the game.
 B = Kills by you in this place as a percentage of kills by you in the entire game.
 C = Kills by friends in this place as a percentage of kills by friends in the entire game.
 D = Other kills in this place as a percentage of other kills in the entire game.
 E = Experience gained in this place as a percentage of experience gained in the entire game.
 F = Experience gained in this place divided by the number of levels of this place that you have seen.
                   A       B       C       D       E      F
               +-------+-------+-------+-------+-------+----------------------
         Total | 100.0 | 100.0 |  -nan |  -nan | 100.0 |  82.8
       Dungeon | 100.0 | 100.0 |  -nan |  -nan | 100.0 |  82.8
               +-------+-------+-------+-------+-------+----------------------
